 Dungeon Crawl Stone Soup version 0.31-b1-18-g61460d1e46 (webtiles) character file.

Game seed: 17939544911835868356

27694 Sobieck the Fighter (level 13, -7/148 HPs)
             Began as an Oni Berserker on Jan 16, 2024.
             Was an Elder of Trog.
             Succumbed to Nessos's poison
             ... on level 14 of the Dungeon.
             The game lasted 00:34:44 (12570 turns).

Sobieck the Fighter (Oni Berserker)                Turns: 12570, Time: 00:34:45

Health: -7/148     AC: 11    Str: 34    XL:     13   Next: 34%
Magic:  13/13      EV:  9    Int:  8    God:    Trog [****..]
Gold:   558        SH:  0    Dex:  8    Spells: 12/12 levels left

rFire   + . .        H - +0 giant spiked club
rCold   . . .        (shield currently unavailable)
rNeg    . . .        m - +2 troll leather armour {Snorg}
rPois   .            g - +2 hat
rElec   .            B - +1 cloak {Stlth+}
rCorr   .            (gloves unavailable)
SInv    .            (boots unavailable)
Will    +....        r - amulet of regeneration
Stlth   ++           f - ring of protection from fire
HPRegen 2.04/turn    S - +6 ring of strength
MPRegen 0.13/turn

%: no passive effects
@: mighty, brilliant, lethally poisoned (-7 -> -43)
A: large, unfitting armour, horns 1, tough skin 1, double potion healing,
drunken brawling
a: Renounce Religion, Berserk, Trog's Hand, Brothers in Arms


You were on level 14 of the Dungeon.
You worshipped Trog.
Trog was greatly pleased with you.
You visited 1 branch of the dungeon, and saw 14 of its levels.

You collected 2040 gold pieces.
You spent 1482 gold pieces at shops.

Inventory:

Hand Weapons
 u - a +2 dire flail
 H - a +0 giant spiked club (weapon)
 M - a -1 demon whip of venom
Missiles
 j - 76 stones
 k - 27 poisoned darts
 t - 23 boomerangs
 v - 6 javelins
 w - 23 large rocks (quivered)
 F - 6 curare-tipped darts
Armour
 a - a +0 troll leather armour
 b - a +0 animal skin
 g - a +2 hat (worn)
 m - a +2 troll leather armour (worn) {Snorg}
 B - a +1 cloak of stealth (worn)
 I - a +0 cloak
 K - +0 steam dragon scales
 O - the +1 robe "Caerph Usih" {rF+}
   (You found it on level 10 of the Dungeon)

   rF+:       It protects you from fire.
 Q - a +1 hat
 Z - a scarf of shadows
Jewellery
 f - a ring of protection from fire (left hand)
 h - a +6 ring of dexterity
 i - a +6 ring of dexterity
 r - an amulet of regeneration (around neck)
 y - a +4 ring of slaying
 z - an amulet of faith
 N - an amulet of magic regeneration
 S - a +6 ring of strength (right hand)
Wands
 q - a wand of polymorph (28)
 x - a wand of roots (16)
 P - a wand of paralysis (11)
 V - a wand of flame (15)
 X - a wand of light (4)
Scrolls
 c - 4 scrolls of fog
 E - 3 scrolls of noise
 G - a scroll of enchant armour
 R - a scroll of revelation
 T - 5 scrolls of teleportation
 W - 2 scrolls of immolation
 Y - a scroll of vulnerability
Potions
 d - 2 potions of mutation
 e - 2 potions of berserk rage {unknown}
 l - 2 potions of might
 n - 2 potions of heal wounds {unknown}
 o - 3 potions of invisibility
 p - 4 potions of haste {unknown}
 s - 3 potions of brilliance
 A - a potion of enlightenment {unknown}
 C - 4 potions of curing {unknown}
 D - 2 potions of attraction {unknown}
 J - a potion of cancellation {unknown}
 L - a potion of lignification {unknown}
 U - a potion of ambrosia {unknown}


   Skills:
 + Level 14.8 Fighting
 + Level 14.5 Maces & Flails
 + Level 10.7 Throwing
 - Level 6.0 Armour
 - Level 2.6 Dodging
 + Level 3.1 Evocations


You had 12 spell levels left.
You didn't know any spells.
Your spell library was empty.

Dungeon Overview and Level Annotations

Branches:
Dungeon (14/15)            Temple (0/1) D:6            Lair (0/5) D:11
    Orc (0/2) D:10
 Vaults: D:13-14

Altars:
Cheibriados
Elyvilon
Hepliaklqana
Qazlal
Ru
Vehumet
The Shining One

Shops:
D:5 =

Annotations:
D:11 2 runed translucent doors, ketchum's ghost, journeyman TrSh
D:14 Nessos


Innate Abilities, Weirdness & Mutations

You are too large for most types of armour.
You have a pair of small horns on your head.
You have tough skin. (AC +1)
You gain doubled healing and magic from potions.
Whenever you drink a healing potion, you attack all around you.


Message History

Trog accepts your kill.
Nessos gestures wildly while chanting.
Nessos seems to speed up.
Aiming: Paralyse
Press: ? - help, Shift-Dir - straight line, f - Nessos
Aim: Nessos, wearing a +0 barding (fast, chance to affect: 57%) Nessos resists with significant effort.
Nessos wields a +3 longbow of flaming.
It bursts into flame!
Nessos shoots an arrow.
The arrow hits you!
You are poisoned.
The human hits you.
Nessos shoots an arrow.
The arrow hits you!! The arrow burns you.
You are more poisoned.
Aiming: Paralyse
Press: ? - help, Shift-Dir - straight line, f/p - Nessos
Aim: Nessos, wielding a +3 longbow of flaming and wearing a +0 barding (fast, chance to affect: 57%) Nessos resists with significant effort.
You feel very sick.
Nessos shoots an arrow.
The arrow hits you! The arrow burns you.
You are more poisoned.
A human comes into view.
The human hits you but does no damage.
Nessos shoots an arrow.
The arrow hits you!! The arrow burns you.
You are more poisoned.
You feel very mighty all of a sudden.
You feel extremely sick.
Nessos shoots an arrow.
The arrow hits you!!
* * * LOW HITPOINT WARNING * * *
The arrow burns you.
* * * LOW HITPOINT WARNING * * *
Nessos shoots an arrow.
The arrow hits you!
* * * LOW HITPOINT WARNING * * *
The arrow burns you.
You are lethally poisoned!
* * * LOW HITPOINT WARNING * * *
The human hits you.
* * * LOW HITPOINT WARNING * * *
Okay, then.
As you read the scroll of fog, it dissolves into smoke.
* * * LOW HITPOINT WARNING * * *
You feel extremely sick.
Nessos shoots an arrow.
The arrow hits you!
* * * LOW HITPOINT WARNING * * *
The arrow burns you.
You are more poisoned.
* * * LOW HITPOINT WARNING * * *
The human barely misses you.
Unknown command.
It was a potion of brilliance.
You feel clever all of a sudden.
You die...

p#. .... ...$. .....#####
.......(. .. .p.....p#
#.### #p# #.#.. #p# #.#.#
#@# # #.#.# #§# #.#.#.#
#c# #.#.#†#######
#########§#.##.......[...)
..........#.####.#.#######
###.####..#........#######
..........................
###.####..#.##.#..........
#.......#.##.#.#.#######


You could see Nessos (fast) and 2 humans.

Vanquished Creatures
  Azrael (D:13)
  Snorg (D:13)
  4 boulder beetles
  A tengu warrior (D:13)
  4 two-headed ogres
  Urug (D:12)
  Amaemon (D:9)
  3 skeletal warriors
  A deep elf pyromancer (D:13)
  An orc knight (D:14)
  6 ugly things
  3 cyclopes
  Maurice (D:9)
  A kobold demonologist (D:8)
  An unseen horror (D:11)
  An orange demon (D:9)
  2 komodo dragons
  7 trolls
  3 hornets
  2 slime creatures (D:14)
  A vampire (D:11)
  Sigmund (D:5)
  A shadow (D:11)
  11 yaks
  4 wraiths
  A fire elemental (D:13)
  A basilisk (D:14)
  4 wyverns
  6 humans (D:14)
  A steam dragon (D:9)
  10 vampire mosquitoes
  5 hell hounds
  2 water moccasins (D:11)
  4 orc warriors
  An ice beast (D:5)
  2 black bears
  A sky beast (D:7)
  4 laughing skulls (D:13)
  3 ogres
  A phantom (D:5)
  A kobold brigand (D:11)
  14 wights
  5 killer bees (D:9)
  2 howler monkeys
  2 orc priests
  2 hounds (D:6)
  2 jellies (D:5)
  A gnoll bouda (D:7)
  3 iguanas
  A sleepcap (D:7)
  Ijyb (D:3)
  4 orc wizards
  16 gnolls
  6 adders
  A shadow imp (D:8)
  3 white imps
  A dart slug (D:3)
  4 ribbon worms
  21 orcs
  7 endoplasms
  3 giant cockroaches
  6 goblins
  4 hobgoblins
  3 quokkas
  6 ball pythons
  4 bats
  2 frilled lizards (D:1)
  8 kobolds
  8 rats
250 creatures vanquished.

Notes
Turn   | Place    | Note
-------+----------+-------------------------------------------
     0 | D:1      | Sobieck the Oni Berserker began the quest for the Orb.
     0 | D:1      | Reached XP level 1. HP: 24/24 MP: 1/1
   169 | D:1      | Reached XP level 2. HP: 32/32 MP: 2/2
   958 | D:2      | Reached XP level 3. HP: 20/40 MP: 3/3
  1498 | D:2      | Reached ** piety under Trog
  1773 | D:2      | Reached XP level 4. HP: 28/50 MP: 4/4
  2436 | D:3      | Noticed Ijyb
  2442 | D:3      | Reached XP level 5. HP: 58/59 MP: 5/5
  2446 | D:3      | Killed Ijyb
  2447 | D:3      | Reached skill level 6 in Fighting
  3127 | D:4      | Noticed a black bear
  3146 | D:4      | Killed a black bear
  3147 | D:4      | Reached skill level 1 in Throwing
  3147 | D:4      | Reached XP level 6. HP: 61/68 MP: 6/6
  3914 | D:5      | Entered Level 5 of the Dungeon
  3965 | D:4      | Reached XP level 7. HP: 14/74 MP: 7/7
  4074 | D:5      | Noticed Sigmund
  4084 | D:5      | Killed Sigmund
  4085 | D:5      | Reached skill level 6 in Maces & Flails
  4085 | D:5      | Reached skill level 3 in Throwing
  4234 | D:5      | Reached XP level 8. HP: 53/88 MP: 8/8
  4278 | D:5      | Found Renic's Jewellery Emporium.
  4852 | D:6      | Reached skill level 9 in Fighting
  5077 | D:6      | Found a staircase to the Ecumenical Temple.
  5663 | D:7      | Reached XP level 9. HP: 39/100 MP: 9/9
  6057 | D:7      | Reached skill level 6 in Throwing
  6540 | D:8      | Noticed a hornet
  6542 | D:8      | Paralysed by a hornet for 3 turns
  6548 | D:8      | Killed a hornet
  6549 | D:8      | Reached skill level 9 in Maces & Flails
  6779 | D:8      | Noticed a kobold demonologist
  6790 | D:8      | Killed a kobold demonologist
  6844 | D:9      | Noticed a hornet
  6847 | D:9      | Killed a hornet
  7006 | D:9      | Noticed a two-headed ogre
  7025 | D:9      | Killed a two-headed ogre
  7026 | D:9      | Reached XP level 10. HP: 63/111 MP: 10/10
  7180 | D:9      | You fall into a shaft and drop 1 floor!
  7180 | D:10     | Entered Level 10 of the Dungeon
  7207 | D:10     | Reached *** piety under Trog
  7242 | D:10     | Found a staircase to the Orcish Mines.
  7489 | D:10     | Identified the +0 chain mail "Ceilac" {Int+2}
  7491 | D:10     | Noticed a two-headed ogre
  7505 | D:10     | Found a white marble altar of Elyvilon.
  7583 | D:9      | Killed a two-headed ogre
  7762 | D:9      | Noticed an orange demon
  7771 | D:9      | Killed an orange demon
  7810 | D:9      | Noticed Amaemon
  7823 | D:9      | Killed Amaemon
  7824 | D:9      | Reached skill level 12 in Fighting
  8167 | D:9      | Noticed Maurice
  8169 | D:9      | Maurice stole an amulet of magic regeneration
  8170 | D:9      | Paralysed by Maurice for 4 turns
  8171 | D:9      | Maurice stole a +2 dire flail
  8172 | D:9      | Maurice stole 16 boomerangs
  8173 | D:9      | Maurice stole 352 gold
  8182 | D:9      | Killed Maurice
  8183 | D:9      | Reached XP level 11. HP: 119/124 MP: 11/11
  8481 | D:10     | Identified the +1 robe "Caerph Usih" {rF+}
  8680 | D:10     | Found a sacrificial altar of Ru.
  8680 | D:10     | Found a snail-covered altar of Cheibriados.
  8692 | D:10     | Found a radiant altar of Vehumet.
  8696 | D:10     | Found a glowing golden altar of the Shining One.
  8699 | D:10     | Found a hazy altar of Hepliaklqana.
  8700 | D:10     | Found a stormy altar of Qazlal.
  8796 | D:10     | Reached skill level 1 in Armour
  8867 | D:11     | Identified a scroll of acquirement
  8867 | D:11     | Acquired 1294 gold pieces
  8997 | D:5      | Bought a +4 ring of slaying for 1014 gold pieces
  8997 | D:5      | Bought a +6 ring of strength for 468 gold pieces
  9311 | D:11     | Found a staircase to the Lair.
  9612 | D:11     | Noticed a cyclops
  9623 | D:11     | Killed a cyclops
  9795 | D:11     | Reached skill level 9 in Throwing
  9847 | D:11     | Noticed a boulder beetle
  9856 | D:11     | Killed a boulder beetle
  9984 | D:11     | Reached skill level 12 in Maces & Flails
  9984 | D:11     | Reached skill level 3 in Armour
 10009 | D:11     | Noticed a cyclops
 10021 | D:11     | Killed a cyclops
 10116 | D:11     | Found a large runed translucent door.
 10117 | D:11     | Found a large runed translucent door.
 10118 | D:11     | Noticed ketchum's ghost (journeyman TrSh)
 10138 | D:11     | Noticed a two-headed ogre
 10144 | D:11     | Killed a two-headed ogre
 10303 | D:12     | Noticed Urug
 10370 | D:12     | Paralysed by Urug for 3 turns
 10378 | D:12     | Killed Urug
 10379 | D:12     | Reached XP level 12. HP: 137/137 MP: 12/12
 10747 | D:12     | Noticed a boulder beetle
 10759 | D:12     | Killed a boulder beetle
 10809 | D:12     | Noticed a boulder beetle
 10834 | D:12     | Killed a boulder beetle
 10834 | D:12     | Reached **** piety under Trog
 10868 | D:11     | Reached skill level 6 in Armour
 11267 | D:13     | Noticed a boulder beetle
 11281 | D:13     | Killed a boulder beetle
 11312 | D:13     | Noticed Snorg
 11326 | D:13     | Killed Snorg
 11486 | D:13     | Noticed a tengu warrior
 11491 | D:13     | Killed a tengu warrior
 11707 | D:13     | Reached skill level 1 in Evocations
 11797 | D:13     | Noticed a two-headed ogre
 11810 | D:13     | Killed a two-headed ogre
 11972 | D:13     | Reached XP level 13. HP: 139/146 MP: 13/13
 11991 | D:13     | Noticed Azrael
 12002 | D:13     | Killed Azrael
 12513 | D:14     | Noticed an entropy weaver
 12513 | D:14     | Noticed Nessos
 12526 | D:14     | Reached skill level 3 in Evocations
 12569 | D:14     | HP: 4/148 [Nessos/arrow (7)]
 12570 | D:14     | Succumbed to Nessos's poison

Illustrated notes

Levels and vault maps discovered:
D:1:      nicolae_arrival_somewhat_less_tricky_arrival, layout_basic
D:2:      layout_basic
D:3:      layout_rooms, uniq_ijyb
D:4:      layout_gridville
D:5:      layout_loops_ring, serial_shops, shop, chequers_serial_rivers_small_3,
          uniq_sigmund
D:6:      layout_loops_ring, minmay_temple_entry_junction
D:7:      layout_rooms, hangedman_decor_diamond_cutter
D:8:      layout_basic
D:9:      layout_basic, uniq_maurice, uniq_amaemon
D:10:     layout_cave_pools, nicolae_overflow_hallway_of_the_gods, david_orc_2
D:11:     layout_stronghold, minmay_lair_entry_grove,
          ebering_ghost_disaster_area, chequers_garden
D:12:     layout_cave_pools, minmay_sticks_and_stones, uniq_urug
D:13:     layout_cave_pods, uniq_azrael, uniq_snorg
D:14:     dreamdust_cave_troll, layout_basic, david_vaults_3, uniq_kirke

Skill      XL: |  1  2  3  4  5  6  7  8  9 10 11 12 13 |
---------------+----------------------------------------+-----
Fighting       | 5 6 7 8 9 10 12 13 14 | 14.8
Maces & Flails | 4 5 6 7 10 11 12 14 | 14.5
Throwing       | 1 2 3 5 6 8 9 10 | 10.7
Armour         | 4 6 |  6.0
Evocations     | 1 3 |  3.1
Dodging        | |  2.6

Action                     |  1- 3 |  4- 6 |  7- 9 | 10-12 | 13-15 || total
---------------------------+-------+-------+-------+-------+-------++-------
  Melee: Mace              |   111 |   129 |    29 |       |       ||   269
         Headbutt          |     8 |    16 |    47 |    76 |     9 ||   156
         Punch             |       |     3 |     1 |       |       ||     4
         Dire flail        |       |       |   151 |   311 |       ||   462
         Demon whip        |       |       |       |    29 |       ||    29
         Giant spiked club |       |       |       |     3 |    56 ||    59
  Throw: Dart              |       |     3 |     4 |    35 |       ||    42
         Boomerang         |       |       |     6 |    31 |     2 ||    39
         Stone             |       |       |    19 |    32 |       ||    51
         Large rock        |       |       |       |     9 |     7 ||    16
         Throwing net      |       |       |       |     1 |       ||     1
         Javelin           |       |       |       |       |     4 ||     4
 Invoke: Berserk           |       |     3 |     3 |     7 |     1 ||    14
         Trog's Hand       |       |     2 |       |       |       ||     2
  Evoke: Wand              |       |       |       |     1 |     2 ||     3
    Use: Scroll            |       |     7 |     5 |     5 |     1 ||    18
         Potion            |       |       |       |       |     2 ||     2
   Stab: Sleeping          |       |       |     4 |     1 |       ||     5
         Held in net/web   |       |       |       |     2 |       ||     2
 Armour: Animal skin       |    68 |    90 |   109 |    49 |       ||   316
         Steam dragon scal |       |       |       |   164 |       ||   164
         Troll leather arm |       |       |       |    79 |    48 ||   127
  Dodge: Dodged            |    66 |    75 |    73 |   124 |    16 ||   354
